 Dungeon Crawl Stone Soup version 0.28-a0-381-g937acc2988 (webtiles) character file.

Game seed: 2664627879682705712

14863 mathmaestro the Grappler (level 11, -19/111 HPs)
             Began as a Troll Monk on Sept 1, 2021.
             Demolished by a skeletal warrior (24 damage)
             ... led by a death knight
             ... on level 8 of the Dungeon.
             The game lasted 00:22:01 (9054 turns).

mathmaestro the Grappler (Troll Monk)               Turns: 9054, Time: 00:22:02

Health: -19/111    AC: 11    Str: 24    XL:     11   Next: 94%
Magic:  10/10      EV:  9    Int:  6    God:
Gold:   66         SH: 11    Dex: 12    Spells: 10/10 levels left

rFire   + + +      SeeInvis .     - Unarmed
rCold   . . .      Faith    .   n - +1 kite shield
rNeg    . . .      Spirit   .   s - +0 fire dragon scales
rPois   +          Reflect  .   (helmet restricted)
rElec   +          Harm     .   a - scarf {+Inv}
rCorr   +          Rampage  .   (gloves unavailable)
Will    .....                   (boots unavailable)
Stlth   ..........              (no amulet)
HPRegen 1.28/turn               m - ring of poison resistance
MPRegen 0.12/turn               q - +4 ring of slaying

@: resistant, slowed, very slow
A: large, unfitting armour, claws 3, regeneration 1, shaggy fur 1, tough skin 1
a: Evoke Invisibility


You were on level 8 of the Dungeon.
You visited 2 branches of the dungeon, and saw 9 of its levels.
You also visited: Ossuary and Bailey.

You collected 366 gold pieces.
You spent 300 gold pieces at shops.

Inventory:

Hand Weapons
 x - a +2 trident of venom
Missiles
 c - 88 boomerangs (quivered)
Armour
 a - a scarf of invisibility (worn)
 n - a +1 kite shield (worn)
 s - +0 fire dragon scales (worn)
Jewellery
 m - a ring of poison resistance (left claw)
 q - a +4 ring of slaying (right claw)
 u - a ring of protection from fire
 A - a +6 ring of strength
Wands
 r - a wand of flame (12)
 y - a wand of digging (5)
Scrolls
 g - 3 scrolls of teleportation
 o - a scroll of enchant armour
Potions
 b - a potion of invisibility
 d - a potion of ambrosia {unknown}
 e - 3 potions of might
 h - a potion of degeneration {unknown}
 i - 3 potions of cancellation
 j - a potion of haste
 k - 6 potions of mutation
 l - 2 potions of lignification
 p - 5 potions of curing
 t - 3 potions of resistance
 v - a potion of berserk rage {unknown}
 w - 2 potions of brilliance
 z - 4 potions of magic


   Skills:
 + Level 8.2 Fighting
 - Level 8.0 Throwing
 + Level 3.8 Armour
 - Level 5.0 Dodging
 - Level 1.0 Stealth
 - Level 9.0 Shields
 + Level 9.8 Unarmed Combat


You had 10 spell levels left.
You didn't know any spells.
Your spell library contained the following spells:

 Spells                   Type           Power      Damage    Failure   Level
 Animate Skeleton         Necr           0%         N/A       82%         1
 Pain                     Necr           0%         1d4       82%         1
 Slow                     Hex            0%         N/A       91%         2
 Confusing Touch          Hex            0%         N/A       99%         3
 Vampiric Draining        Necr           0%         2d6       99%         3
 Iskenderun's Battlesphe  Conj           0%         2d6       100%        5
 Lightning Bolt           Conj/Air       0%         1d11      100%        5
 Yara's Violent Unravell  Hex/Tmut       0%         3d3       100%        5
 Dragon Form              Tmut           0%         N/A       100%        7


Dungeon Overview and Level Annotations

Branches:
Dungeon (8/15)             Temple (1/1) D:6            Lair (0/6) D:8
Ossuary (visited)          Bailey (visited)

Altars:
Ashenzari
Cheibriados
Dithmenos
Elyvilon
Fedhas
Gozag
Hepliaklqana
Kikubaaqudgha
Makhleb
Nemelex Xobeh
Okawaru
Qazlal
Ru
Sif Muna
Trog
Uskayaw
Vehumet
Wu Jian
Xom
Yredelemnul
Zin
The Shining One

Shops:
D:1 *=[   D:5 *   D:6 *


Innate Abilities, Weirdness & Mutations

You are too large for most types of armour.
You have claws for hands.
Your natural rate of healing is unusually fast.
You are covered in fur. (AC +1)
You have tough skin. (AC +1)


Message History

The freezing wraith barely misses you.
You mangle the freezing wraith!!
The freezing wraith is severely damaged.
The skeletal warrior closely misses you.
The wraith closely misses you.
The freezing wraith completely misses you.
The freezing wraith hits you! The freezing wraith drains your vigour!
You feel as though you will be slow longer.
The skeletal warrior hits you but does no damage.
You barely miss the freezing wraith.
The freezing wraith is severely damaged.
You block the wraith's attack.
The freezing wraith completely misses you.
The freezing wraith hits you!
* * * LOW HITPOINT WARNING * * *
The skeletal warrior hits you with a +0 mace.
* * * LOW HITPOINT WARNING * * *
The wraith hits you but does no damage.
You claw the freezing wraith!
The freezing wraith is almost destroyed.
The freezing wraith hits you.
* * * LOW HITPOINT WARNING * * *
The freezing wraith freezes you!
* * * LOW HITPOINT WARNING * * *
The freezing wraith hits you.
* * * LOW HITPOINT WARNING * * *
The skeletal warrior hits you with a +0 mace!
* * * LOW HITPOINT WARNING * * *
You block the wraith's attack.
Okay, then.
You feel much better. The freezing wraith hits you.
* * * LOW HITPOINT WARNING * * *
The freezing wraith freezes you!!
* * * LOW HITPOINT WARNING * * *
The freezing wraith hits you!
* * * LOW HITPOINT WARNING * * *
The freezing wraith drains your vigour!
You feel as though you will be slow longer.
The skeletal warrior hits you with a +0 mace!!
You die...

....#.###.# #....##..##
...##..##.###....#p.####
...##..##..###...##....#
<..##..................####
...##.....#..#.........##.##
.#..#..#####.....))...##...#
......................##...###
...#.............z....#......##
......>.........@##..###......#
.........##.....WW....#..#....#
.........##...............#..##
..................##......#...##
##.##).........##.##...........#
......[.........#.#............##
......)).....#.#..#............##
......<....#.###....###.......###
.....†....##..#.....###..........


You could see a skeletal warrior, a freezing wraith and a wraith.

Vanquished Creatures
  A death knight (D:8)
  3 death yaks
  An orc knight (Bailey)
  Joseph (D:8)
  Prince Ribbit (D:7)
  A wraith (Ossuary)
  5 yaks
  2 steam dragons
  Menkaure (D:6)
  Edmund (D:4)
  An ice beast (D:5)
  4 orc warriors
  A sky beast (D:7)
  2 ogres (D:4)
  A phantom (D:5)
  4 bullfrogs
  2 kobold brigands
  A gnoll sergeant (D:4)
  Blork the orc (D:4)
  A wyvern zombie (D:8)
  2 scorpions
  8 wights
  2 bullfrog zombies
  2 centaur zombies
  3 hounds
  A gnoll shaman (D:8)
  2 orc priests (D:8)
  2 jellies
  2 bullfrog skeletons
  3 iguanas
  6 orc wizards
  Natasha (twice) (D:3)
  A killer bee zombie (D:8)
  4 mummies
  22 gnolls
  A howler monkey skeleton (D:7)
  7 adders
  A shadow imp (D:6)
  3 ufetubi
  A worm (D:2)
  2 dart slugs
  22 orcs
  5 endoplasms
  2 giant cockroaches
  7 goblins
  11 hobgoblins
  A quokka (D:2)
  3 ball pythons
  5 bats (D:1)
  3 frilled lizards
  9 goblin zombies (Ossuary)
  2 hobgoblin zombies (Ossuary)
  27 kobolds
  A kobold zombie (Ossuary)
  4 rats
214 creatures vanquished.

Notes
Turn   | Place    | Note
-------+----------+-------------------------------------------
     0 | D:1      | mathmaestro the Troll Monk began the quest for the Orb.
     0 | D:1      | Reached XP level 1. HP: 22/22 MP: 0/0
    50 | D:1      | Found Aligiar's Jewellery Shop.
   150 | D:1      | Found a faded altar of an unknown god.
   236 | D:1      | Found Amosuizu's Antique Armour Boutique.
   445 | D:1      | Found Zedgh's Assorted Antiques.
   576 | D:1      | Reached XP level 2. HP: 27/29 MP: 1/1
  1087 | D:2      | Found a glowing golden altar of the Shining One.
  1183 | D:2      | Reached XP level 3. HP: 24/36 MP: 2/2
  1563 | D:3      | Reached XP level 4. HP: 44/45 MP: 3/3
  1795 | D:3      | Reached XP level 5. HP: 21/53 MP: 4/4
  1847 | D:3      | Reached skill level 5 in Unarmed Combat
  1856 | D:3      | Reached XP level 6. HP: 14/62 MP: 5/5
  1956 | D:3      | Noticed Natasha
  1962 | D:3      | Killed Natasha
  2315 | D:1      | Bought a kite shield for 108 gold pieces
  2591 | D:4      | Noticed Edmund
  2610 | D:4      | Killed Edmund
  2611 | D:4      | Reached skill level 1 in Shields
  2635 | D:4      | Found a sand-covered staircase.
  2654 | Ossuary  | Entered an ossuary
  2654 | Ossuary  | Noticed a wraith
  2654 | Ossuary  | Noticed a wraith
  2654 | Ossuary  | Noticed a wraith
  2906 | Ossuary  | Reached XP level 7. HP: 62/71 MP: 6/6
  2946 | Ossuary  | Noticed a wraith
  2959 | Ossuary  | Killed a wraith
  3130 | D:4      | Reached skill level 5 in Fighting
  3170 | D:4      | Noticed Blork the orc
  3182 | D:4      | Killed Blork the orc
  3535 | D:4      | Identified the +1 pair of boots "Utaulius" {rPois Dex+4}
  3565 | D:4      | Found a hide-covered altar of Uskayaw.
  3832 | D:5      | Entered Level 5 of the Dungeon
  3939 | D:5      | Reached XP level 8. HP: 70/80 MP: 7/7
  4384 | D:5      | Got the Almanac of Harmful Shape Shifting
  4700 | D:5      | Found Deaw's Lightly-Used Armoury.
  4958 | D:6      | Found Uchoopp's General Store.
  5010 | D:6      | Found a staircase to the Ecumenical Temple.
  5035 | D:6      | Noticed Menkaure
  5054 | Temple   | Entered the Ecumenical Temple
  5355 | D:6      | Killed Menkaure
  5584 | D:6      | Reached XP level 9. HP: 92/92 MP: 8/8
  6068 | D:7      | Found a flagged portal.
  6091 | Bailey   | Entered a bailey
  6241 | Bailey   | Noticed an orc knight
  6346 | Bailey   | Reached XP level 10. HP: 100/100 MP: 9/9
  6414 | Bailey   | Killed an orc knight
  6576 | Bailey   | Reached XP level 11. HP: 109/109 MP: 10/10
  7494 | D:3      | Noticed Natasha
  7500 | D:3      | Killed Natasha
  7609 | D:1      | Bought a runed scarf for 192 gold pieces
  7872 | D:8      | Noticed a death knight
  7877 | D:8      | Noticed a skeletal warrior
  7880 | D:8      | Noticed Prince Ribbit
  7882 | D:8      | Noticed Joseph
  7895 | D:8      | HP: 3/109 [Joseph/sling bullet (15)]
  8302 | D:7      | Killed Prince Ribbit
  8350 | D:8      | Killed Joseph
  8481 | D:8      | Noticed a death yak
  8482 | D:8      | Noticed a death yak
  8508 | D:8      | Killed a death yak
  8531 | D:8      | Noticed a death yak
  8552 | D:8      | Killed a death yak
  8608 | D:7      | Killed a death yak
  8915 | D:8      | Found a staircase to the Lair.
  9046 | D:8      | Killed a death knight
  9047 | D:8      | Reached skill level 5 in Dodging
  9053 | D:8      | HP: 4/111 [skeletal warrior[a death knight] (7)]
  9054 | D:8      | Demolished by a skeletal warrior

Illustrated notes

Levels and vault maps discovered:
D:1:      moated_graveyard_arrival, layout_loops_ring,
          chequers_ecumenical_altar_lobes, serial_shops, shop, shop,
          nicolae_lakefront_shop
D:2:      layout_rooms, basic_altar, minmay_misc_feat_encased,
          chequers_decorated_corner
D:3:      layout_loops_cross, uniq_natasha
D:4:      layout_basic, mainiacjoe_overflow_alcove_4, gup_ossuary_entry_pyramid,
          uniq_edmund, uniq_blork_the_orc
D:5:      layout_gridville, minmay_shop_damaged
D:6:      layout_basic, temple_statues, serial_shops, kennysheep_mini_moat,
          uniq_menkaure
D:7:      layout_basic, enter_bailey_5
D:8:      layout_cave_pools, dpeg_lair_monsters, uniq_prince_ribbit1,
          uniq_joseph
Temple:   regret_index_temple_sigil_plot

Skill      XL: |  1  2  3  4  5  6  7  8  9 10 11 |
---------------+----------------------------------+-----
Fighting       | 3 4 5 6 7 8 |  8.2
Dodging        | 3 4 5 |  5.0
Unarmed Combat | 4 5 6 7 8 9 |  9.8
Shields        | 1 2 4 8 9 |  9.0
Throwing       | 7 8 |  8.0
Armour         | 2 3 |  3.8
Stealth        | |  1.0

Action                   |  1- 3 |  4- 6 |  7- 9 | 10-12 || total
-------------------------+-------+-------+-------+-------++-------
Melee: Unarmed           |   109 |    96 |   264 |   229 ||   698
       Punch             |     3 |     1 |       |       ||     4
Throw: Boomerang         |       |       |    11 |    40 ||    51
  Use: Scroll            |       |     3 |     8 |     6 ||    17
       Potion            |       |       |     3 |     8 ||    11
 Stab: Sleeping          |       |     3 |     2 |       ||     5
       Invisible         |       |       |       |     2 ||     2
Armor: Robe              |    38 |     9 |    47 |     6 ||   100
       Skin              |       |       |     2 |       ||     2
       Fire dragon scale |       |       |       |    33 ||    33
Dodge: Dodged            |    62 |    22 |    98 |    76 ||   258
Block: Kite shield       |       |    17 |   118 |   105 ||   240

Table legend: (Time is in decaauts)
 A = Elapsed time spent in this place.
 B = Non-inter-level travel time spent in this place.
 C = Inter-level travel time spent in this place.
 D = Time resting spent in this place.
 E = Time spent auto-exploring this place.
 F = Levels seen in this place.
 G = Mean time per level.
                   A        B        C        D        E       F      G
               +--------+--------+--------+--------+--------+-----+--------+
         Total |   9063 |   7545 |   1518 |    534 |   5075 |  11 |  823.9 |
       Dungeon |   7847 |   6360 |   1487 |    451 |   4329 |   8 |  980.9 |
        Temple |    292 |    261 |     31 |      0 |    243 |   1 |  292.0 |
       Ossuary |    441 |    441 |      0 |     24 |    289 |   1 |  441.0 |
        Bailey |    481 |    481 |      0 |     58 |    213 |   1 |  481.0 |
               +--------+--------+--------+--------+--------+-----+--------+

Top non-repeatable levels by time:
     D:7: 1435 daAuts
     D:1: 1214 daAuts
     D:4: 1211 daAuts
     D:3: 935 daAuts
     D:5: 870 daAuts
     D:2: 771 daAuts
     D:6: 724 daAuts
     D:8: 684 daAuts
  Bailey: 481 daAuts
 Ossuary: 441 daAuts
  Temple: 292 daAuts
